 Dungeon Crawl Stone Soup version 0.31-a0-662-g684573625c (webtiles) character file.

Game seed: 3770865025281787334

429 ytrimaz the Insei (level 6, -8/49 HPs)
             Began as a Demonspawn Shapeshifter on Aug 31, 2023.
             Was an Initiate of Okawaru.
             Mangled by Duvessa
             ... wielding a +0 rapier
              (17 damage)
             ... on level 4 of the Dungeon.
             The game lasted 00:04:34 (3651 turns).

ytrimaz the Insei (Demonspawn Shapeshifter)         Turns: 3651, Time: 00:04:34

Health: -8/49      AC:  2    Str: 14    XL:     6   Next: 66%
Magic:  6/6        EV: 12    Int: 12    God:    Okawaru [......]
Gold:   259        SH:  0    Dex: 14    Spells: 5/5 levels left

rFire   . .          .
                       - Unarmed
rCold   . . .        (no shield)
rNeg    . . .        a - +0 animal skin
rPois   .            (helmet currently unavailable)
rElec   .            (cloak currently unavailable)
rCorr   .            (gloves currently unavailable)
SInv    .            (boots currently unavailable)
Will    .....        (no amulet)
Stlth   +            (no ring)
HPRegen 0.28/turn    (no ring)
MPRegen 0.10/turn

%: no passive effects
@: beast-form
A: beast (slay +1), foul stench 1, spiny 2, weakness stinger 1
a: Begin Untransformation, Renounce Religion


You were on level 4 of the Dungeon.
You worshipped Okawaru.
Okawaru was noncommittal.
You were a hulking beast.
You visited 2 branches of the dungeon, and saw 5 of its levels.

You collected 259 gold pieces.


Innate Abilities, Weirdness & Mutations

You are a hulking beast.
Your limbs bulge with bestial killing power. (Slay +1)
You may rarely emit foul miasma when damaged in melee.
You are mostly covered in sharp spines.
You have a small tail.


   Skills:
 + Level 4.6 Fighting
 - Level 1.7 Dodging
 + Level 5.4 Unarmed Combat
 - Level 2.6 Shapeshifting


You had 5 spell levels left.
You didn't know any spells.
Your spell library contained the following spells:

 Spells                   Type           Power      Damage    Failure   Level
 Dazzling Flash           Conj/Hex       0%         N/A       69%         3
 Stone Arrow              Conj/Erth      0%         3d7       69%         3
 Agony                    Necr           0%         N/A       100%        5
 Silence                  Hex/Air        0%         N/A       100%        5
 Ozocubu's Refrigeration  Ice            0%         4d7       100%        7
 Lehudib's Crystal Spear  Conj/Erth      0%         10d2      100%        8
 Polar Vortex             Ice            0%         N/A       100%        9
 Animate Armour           Summ/Erth      Unusable   N/A       N/A         4
 Simulacrum               Ice/Necr       Unusable   N/A       N/A         6

Inventory:

Armour
 a - a +0 animal skin (worn)
Talismans
 c - a beast talisman (active)
 d - a flux talisman
 g - a maw talisman
   (You found it on level 1 of the Dungeon)
Wands
 n - a wand of flame (25)
   (You took it off Ijyb on level 3 of the Dungeon)
Scrolls
 h - a scroll of revelation
 i - a scroll of poison
 m - 2 scrolls of identify
 q - 2 scrolls of summoning
 r - a scroll of noise
Potions
 b - 2 potions of curing {unknown}
 e - a potion of mutation {unknown}
 f - a potion of enlightenment
 o - a potion of haste {unknown}
 p - a potion of attraction {unknown}

Dungeon Overview and Level Annotations

Branches:
Dungeon (4/15) Zot: 20408  Temple (1/1) D:4 Zot: 5938

Altars:
Ashenzari
Cheibriados
Dithmenos
Fedhas
Gozag
Kikubaaqudgha
Makhleb
Nemelex Xobeh
Okawaru
Qazlal
Sif Muna
Xom
Yredelemnul

Shops:
D:2 [

Annotations:
D:4 Duvessa

.#..## #.# *.........#..# #...#
#####.######.######.##... ....#
#...§....§##........##.## ...'##
#.#'#§###☼############.# .#...##
#.#.#§###§###### #.#
......###.#.#○°##§###### ####.#
......<#..#.#☼○##§###### ##.##.##
.....))).##.##○§#e########...#.##
.........#...#§☼h§§☼°§§§........+
.........#._.#§§##########...#.##
.........#...#§§.####### ##.##.##
#.....#..##.##○§..###### ####.#
##...###..#.#°§§..###### ###.#
##'## ##.#.#°°☼..###### #...# #.#
#.#.#§○§.####### #.#### #.#
#.#'#§§§######## #.#... ###)##
#.....#,* ##.#.##


You could see Duvessa (berserk, fast).


Message History

You barely miss the adder. The adder is struck by your spines.
The adder completely misses you.
You hit the adder. The adder barely misses you.
You closely miss the adder. The adder is struck by your spines.
You kill the adder!
Okawaru accepts your kill.
No target in view!
You see here an adder corpse.
Unknown command.
b - 2 sedimented dark potions (gained 1)
You see here an adder corpse.
Found an opulent altar of Gozag.
You open the door.
There is an open door here.
You see here a +0 dagger.
Key pressed, stopping explore.
Dowan, Brother of Duvessa comes into view.
He is wielding a +0 dagger.
Duvessa, Sister of Dowan comes into view.
She is wielding a +0 rapier.
Dowan shouts!
Dowan is struck by your spines.
Dowan hits you with a +0 dagger. 😕 HP[-4]
You take 4 damage, and now have 45/49 hp.
You closely miss Dowan.
Duvessa shouts!
Dowan points at Duvessa and mumbles some strange words.
Duvessa seems to speed up.
You hit Dowan. 😕 HP[+1]
You hit Dowan. Dowan is struck by your spines. Dowan barely misses you.
You punch Dowan!
You kill Dowan!
Okawaru accepts your kill.
Duvessa screams in rage.
Duvessa goes berserk!
Duvessa barely misses you.
You punch Duvessa! You punch Duvessa.
Duvessa hits you with a +0 rapier! 😮 HP[-13]
You take 13 damage, and now have 33/49 hp.
MASSIVE DAMAGE!! (PAUSE) Unknown command.
Okay, then.
As you read the scroll labelled TYOMIA ARIJO, it crumbles to dust.
You feel aware of your surroundings.
It was a scroll of revelation.
Duvessa hits you with a +0 rapier. 😮 HP[-3]
You take 3 damage, and now have 30/49 hp.
The air fills with toxic fumes!
As you read the scroll labelled ZINAZA FAECWI, it crumbles to dust.
It was a scroll of poison.
Duvessa is struck by your spines. Duvessa closely misses you.
Duvessa barely misses you.
As you read the scroll labelled KIUMAY QONOE, it crumbles to dust.
It is a scroll of enchant weapon.
You aren't carrying any weapons that can be enchanted.
Duvessa closely misses you.
As you read the scroll labelled BULUUT OFONGU, it crumbles to dust.
It is a scroll of identify.
q - 2 scrolls of summoning Duvessa closely misses you.
Duvessa is struck by your spines. Duvessa barely misses you. 😮 HP[+1]
As you read the scroll labelled HYOSIU JAZEDD, it crumbles to dust.
You hear a loud clanging noise!
It was a scroll of noise.
Duvessa hits you with a +0 rapier!
* * * LOW HITPOINT WARNING * * *
😨 HP[-12]
You take 12 damage, and now have 19/49 hp.
MASSIVE DAMAGE!! (PAUSE)
Okay, then.
As you read the scroll labelled WOTWOH ZUFAHE, it crumbles to dust.
It is a scroll of amnesia.
You feel forgetful for a moment. Duvessa is struck by your spines.
Duvessa misses you. Duvessa is struck by your spines.
Duvessa hits you with a +0 rapier!!
* * * LOW HITPOINT WARNING * * *
😱 HP[-18]
You take 18 damage, and now have 1/49 hp.
MASSIVE DAMAGE!! (PAUSE)
You feel much better. Duvessa is struck by your spines.
Duvessa barely misses you. 😮 HP[+28]
You regained 28 hp, and now have 29/49 hp.
Unknown command.
You hit Duvessa. Duvessa is struck by your spines. Duvessa misses you.
Duvessa is struck by your spines. Duvessa barely misses you.
Unknown command.
You closely miss Duvessa.
You tail-slap Duvessa, but do no damage.
Duvessa is struck by your spines. Duvessa hits you with a +0 rapier!
* * * LOW HITPOINT WARNING * * *
😱 HP[-17]
You take 17 damage, and now have 12/49 hp.
MASSIVE DAMAGE!! (PAUSE)
You hit Duvessa. Duvessa is struck by your spines.
Duvessa hits you with a +0 rapier.
* * * LOW HITPOINT WARNING * * *
😱 HP[-4]
You take 4 damage, and now have 8/49 hp.
Unknown command.
You closely miss Duvessa. Duvessa hits you with a +0 rapier!
You die...

Skill      XL: |  1  2  3  4  5 |
---------------+----------------+-----
Unarmed Combat | 3 4 5 |  5.4
Fighting       | 2 3 4 |  4.6
Dodging        | |  1.7
Shapeshifting  | |  2.6

Action                     |  1- 3 |  4- 6 || total
---------------------------+-------+-------++-------
  Melee: Unarmed           |    71 |   115 ||   186
         Punch             |     2 |     4 ||     6
         Tailslap          |       |    10 ||    10
    Use: Potion            |       |     8 ||     8
         Scroll            |       |     6 ||     6
   Stab: Sleeping          |       |     2 ||     2
 Armour: Animal skin       |    35 |    46 ||    81
         Skin              |       |    61 ||    61
  Dodge: Dodged            |    45 |    56 ||   101

Levels and vault maps discovered:
D:1:      eino_arrival_water_cross, layout_rooms, serial_rivers,
          chequers_serial_rivers_small_b, chequers_serial_rivers_small_a,
          chequers_serial_rivers_micro_e, chequers_serial_rivers_large_a,
          minivault_14, minmay_unequal
D:2:      layout_basic, serial_shops, nicolae_shop_back_alley_shop,
          kennysheep_generic_room_10
D:3:      layout_basic, elyvilon_altar_1, chequers_mini_garden,
          minmay_box_of_dots, uniq_ijyb, uniq_terence
D:4:      layout_loops_corners, mainiacjoe_overflow_surrounded_room,
          minmay_temple_entry_grid, uniq_blork_the_orc, uniq_duvessa
Temple:   nicolae_temple_figure_eight

Notes
Turn   | Place    | Note
-------+----------+-------------------------------------------
     0 | D:1      | ytrimaz the Demonspawn Shapeshifter began the quest for the
                  | Orb.
     0 | D:1      | Reached XP level 1. HP: 15/15 MP: 1/1
     0 | D:1      | magus.rc [v1.9.6]
    45 | D:1      | Reached skill level 3 in Unarmed Combat
   258 | D:1      | Gained mutation: You may rarely emit foul miasma when
                  | damaged in melee. [demonic ancestry]
   258 | D:1      | Reached XP level 2. HP: 18/21 MP: 2/2
   742 | D:2      | Gained mutation: You are partially covered in sharp spines.
                  | [demonic ancestry]
   742 | D:2      | Reached XP level 3. HP: 13/27 MP: 3/3
  1123 | D:2      | Reached skill level 2 in Fighting
  1209 | D:2      | Found Giev's Antique Armour Emporium.
  1347 | D:2      | You feel monstrous as your demonic heritage exerts itself.
  1347 | D:2      | Discovered your monstrous ancestry.
  1347 | D:2      | Gained mutation: You have a small tail. [demonic ancestry]
  1347 | D:2      | Reached XP level 4. HP: 30/34 MP: 4/4
  1409 | D:2      | You pick up a book of Ice and begin reading...
  1409 | D:2      | You add the spells Simulacrum, Ozocubu's Refrigeration and
                  | Polar Vortex to your library.
  1771 | D:3      | Reached skill level 4 in Unarmed Combat
  1842 | D:3      | You pick up a book of Armaments and begin reading...
  1842 | D:3      | You add the spells Stone Arrow, Animate Armour and
                  | Lehudib's Crystal Spear to your library.
  2053 | D:3      | Noticed Ijyb
  2055 | D:3      | HP: 8/34 [Ijyb/puff of flame (12)]
  2061 | D:3      | HP: 12/51 [Ijyb/+5 dagger of venom (7)]
  2064 | D:3      | Reached skill level 3 in Fighting
  2070 | D:3      | Killed Ijyb
  2071 | D:3      | Gained mutation: You are mostly covered in sharp spines.
                  | [demonic ancestry]
  2071 | D:3      | Reached XP level 5. HP: 28/41 MP: 5/5
  2103 | D:3      | Noticed Terence
  2234 | D:3      | You pick up a book of the Senses and begin reading...
  2234 | D:3      | You add the spells Dazzling Flash, Agony and Silence to
                  | your library.
  2283 | D:3      | Killed Terence
  3053 | D:4      | Noticed Blork the orc
  3067 | D:4      | Killed Blork the orc
  3068 | D:4      | Reached skill level 4 in Fighting
  3068 | D:4      | Reached skill level 5 in Unarmed Combat
  3068 | D:4      | Reached XP level 6. HP: 13/48 MP: 6/6
  3312 | D:4      | Found a staircase to the Ecumenical Temple.
  3327 | Temple   | Entered the Ecumenical Temple
  3367 | Temple   | Became a worshipper of Warmaster Okawaru
  3423 | D:4      | HP: 3/72 [orc priest/divine providence (17)]
  3608 | D:4      | Found an opulent altar of Gozag.
  3634 | D:4      | Noticed Dowan
  3635 | D:4      | Noticed Duvessa
  3639 | D:4      | Killed Dowan
  3646 | D:4      | HP: 1/49 [Duvessa/+0 rapier (18)]
  3651 | D:4      | Mangled by Duvessa

Vanquished Creatures
  Blork the orc (D:4)
  Dowan (D:4)
  A hound (D:3)
  2 orc priests (D:4)
  Ijyb (D:3)
  Terence (D:3)
  An iguana (D:4)
  7 adders
  2 worms
  4 dart slugs
  5 orcs
  4 bats
  8 endoplasms
  3 giant cockroaches (D:3)
  5 goblins
  6 hobgoblins
  4 jackals (D:4)
  2 quokkas (D:3)
  6 ball pythons
  2 frilled lizards
  6 kobolds
72 creatures vanquished.

Table legend:
 A = Non-vault XP
 B = Vault XP
 C = Vault XP percentage of total XP
 D = Non-vault monster count
 E = Vault monster count
 F = Vault count percentage of total count
                 A         B        C        D         E       F
            +---------+---------+-------+---------+---------+-------
      Total |     323 |     291 |  47.4 |      62 |      10 |  13.9
            +---------+---------+-------+---------+---------+-------
        D:1 |      15 |       8 |  34.8 |       8 |       3 |  27.3
        D:2 |      82 |       0 |   0.0 |      18 |       0 |   0.0
        D:3 |      61 |     120 |  66.3 |      19 |       5 |  20.8
        D:4 |     162 |     163 |  50.2 |      16 |       2 |  11.1
     Temple |       3 |       0 |   0.0 |       1 |       0 |   0.0
            +---------+---------+-------+---------+---------+-------

Skill      XL: |  1  2  3  4  5 |
---------------+----------------+-----
Unarmed Combat | 3 4 5 |  5.4
Fighting       | 2 3 4 |  4.6
Dodging        | |  1.7
Shapeshifting  | |  2.6

Action                     |  1- 3 |  4- 6 || total
---------------------------+-------+-------++-------
  Melee: Unarmed           |    71 |   115 ||   186
         Punch             |     2 |     4 ||     6
         Tailslap          |       |    10 ||    10
    Use: Potion            |       |     8 ||     8
         Scroll            |       |     6 ||     6
   Stab: Sleeping          |       |     2 ||     2
 Armour: Animal skin       |    35 |    46 ||    81
         Skin              |       |    61 ||    61
  Dodge: Dodged            |    45 |    56 ||   101

Illustrated notes

Table legend:
 A = Kills in this place as a percentage of kills in the entire game.
 B = Kills by you in this place as a percentage of kills by you in the entire game.
 C = Kills by friends in this place as a percentage of kills by friends in the entire game.
 D = Other kills in this place as a percentage of other kills in the entire game.
 E = Experience gained in this place as a percentage of experience gained in the entire game.
 F = Experience gained in this place divided by the number of levels of this place that you have seen.
                   A       B       C       D       E      F
               +-------+-------+-------+-------+-------+----------------------
         Total | 100.0 | 100.0 |   N/A |   N/A | 100.0 | 122.8
       Dungeon |  98.6 |  98.6 |   N/A |   N/A |  99.5 | 152.8
        Temple |   1.4 |   1.4 |   N/A |   N/A |   0.5 |   3.0
               +-------+-------+-------+-------+-------+----------------------

Table legend: (Time is in decaauts)
 A = Elapsed time spent in this place.
 B = Non-inter-level travel time spent in this place.
 C = Inter-level travel time spent in this place.
 D = Time resting spent in this place.
 E = Time spent auto-exploring this place.
 F = Levels seen in this place.
 G = Mean time per level.
                   A        B        C        D        E       F      G
               +--------+--------+--------+--------+--------+-----+--------+
         Total |   3651 |   3556 |     95 |      0 |   2983 |   5 |  730.2 |
       Dungeon |   3590 |   3512 |     78 |      0 |   2983 |   4 |  897.5 |
        Temple |     61 |     44 |     17 |      0 |      0 |   1 |   61.0 |
               +--------+--------+--------+--------+--------+-----+--------+

Top non-repeatable levels by time:
     D:2: 1028 daAuts
     D:4: 989 daAuts
     D:3: 838 daAuts
     D:1: 734 daAuts
  Temple: 61 daAuts
